PCL
ALBUQUERQUE ISOTOPES @ SALT LAKE BEES
06/11/2022
 
TOP OF THE 1ST
Albuquerque Isotopes batting - Pitching for Salt Lake Bees : RHP Yadier Alvarez
Pitching: RHP Yadier Alvarez
Batting: RHB Ryan Vilade 0-0: Called Strike
0-1: Ball
1-1: Foul Ball, location: 2F
1-2: Strikes out looking
Batting: RHB Christian Koss 0-0: Ball
1-0: Ball
2-0: Ball
3-0: Base on Balls
Batting: LHB Billy McKinney 0-0: Fielders Choice at 2nd, 6-4 (Groundball, 6, EV 86.2 MPH)
Batting: LHB Drew Mendoza 0-0: Ball
1-0: Foul Ball, location: 2F
Pickoff Throw to First - Error! E1
Billy McKinney to second
1-1: Called Strike
1-2: Strikes out swinging
Top of the 1st over - 0 runs, 0 hits, 1 error, 1 left on base; Albuquerque 0 - Salt Lake 0
BOTTOM OF THE 1ST
Salt Lake Bees batting - Pitching for Albuquerque Isotopes : RHP Chi Chi Gonzalez
Pitching: RHP Chi Chi Gonzalez
Batting: RHB Torii Hunter Jr. 0-0: Called Strike
0-1: Swinging Strike
0-2: Ball
1-2: Strikes out looking
Batting: LHB Ryne Birk 0-0: Foul Ball, location: 2F
0-1: Fly out, F6 (Line Drive, 6, EV 68.1 MPH)
Batting: LHB Kyle Schwarber 0-0: Ball
1-0: Ball
2-0: Ball
3-0: Base on Balls
Batting: RHB Joey Curletta 0-0: Foul Ball, location: 2F
0-1: Foul Ball, location: 2F
0-2: Ball
1-2: Foul Ball, location: 2F
1-2: Fielders Choice at 2nd, 6-4 (Groundball, 6, EV 104.4 MPH)
Bottom of the 1st over - 0 runs, 0 hits, 0 errors, 1 left on base; Albuquerque 0 - Salt Lake 0
TOP OF THE 2ND
Albuquerque Isotopes batting - Pitching for Salt Lake Bees : RHP Yadier Alvarez
Batting: LHB Garrett Mitchell 0-0: Ball
1-0: Foul Ball, location: 2F
1-1: Foul Ball, location: 2F
1-2: Ball
2-2: Foul Ball, location: 2F
2-2: Ball
3-2: Reached on error, E3 (Groundball, 3, EV 91.2 MPH)
Batting: RHB Tyler Nevin 0-0: Ball
Garrett Mitchell is caught stealing 2nd base 2-4
1-0: Ball
2-0: SINGLE (Line Drive, 56D, EV 99.4 MPH)
Batting: SHB Michael Toglia 0-0: Called Strike
0-1: Ball
1-1: Swinging Strike
1-2: Ball
2-2: Ball
3-2: Foul Ball, location: 2F
3-2: Base on Balls
Tyler Nevin to second
Batting: RHB Willie MacIver 0-0: Foul Ball, location: 2F
0-1: Foul Ball, location: 2F
0-2: Fly out, F6 (Line Drive, 6, EV 68.8 MPH)
Batting: LHB Carlos Herrera 0-0: Called Strike
0-1: Called Strike
0-2: Ground out 4-3 (Groundball, 4D, EV 96.9 MPH)
Top of the 2nd over - 0 runs, 1 hit, 1 error, 2 left on base; Albuquerque 0 - Salt Lake 0
BOTTOM OF THE 2ND
Salt Lake Bees batting - Pitching for Albuquerque Isotopes : RHP Chi Chi Gonzalez
Batting: RHB Wil Myers 0-0: DOUBLE (Flyball, 78XD, EV 103.8 MPH)
Batting: RHB Zane Gurwitz 0-0: Ball
1-0: Swinging Strike
1-1: Ball
2-1: Foul Ball, location: 2F
2-2: Foul Ball, location: 2F
2-2: Ball
3-2: Foul Ball, location: 2F
3-2: Strikes out swinging
Batting: RHB David MacKinnon 0-0: Foul Ball, location: 2F
0-1: Ball
1-1: Ball
2-1: Foul Ball, location: 2F
2-2: Foul Ball, location: 2F
2-2: Foul Ball, location: 2F
2-2: Fly out, F7 (Flyball, 78M, EV 93.1 MPH)
Batting: RHB Connor Justus 0-0: Ground out 6-3 (Groundball, 6, EV 84.4 MPH)
Bottom of the 2nd over - 0 runs, 1 hit, 0 errors, 1 left on base; Albuquerque 0 - Salt Lake 0
TOP OF THE 3RD
Albuquerque Isotopes batting - Pitching for Salt Lake Bees : RHP Yadier Alvarez
Batting: RHB Ryan Vilade 0-0: Ball
1-0: Ball
2-0: Ball
3-0: Base on Balls
Batting: RHB Christian Koss 0-0: Ball
1-0: Sac Bunt to 15 - play at first, batter OUT! 1-3
Ryan Vilade to second
Batting: LHB Billy McKinney 0-0: Foul Ball, location: 2F
0-1: Swinging Strike
0-2: Ball
1-2: DOUBLE (Groundball, 5L, EV 106.9 MPH)
Ryan Vilade scores
Batting: LHB Drew Mendoza 0-0: DOUBLE (Line Drive, 9LM, EV 103.1 MPH)
Billy McKinney scores
Batting: LHB Garrett Mitchell 0-0: Called Strike
0-1: Ball
1-1: Foul Ball, location: 2F
1-2: Strikes out swinging
Batting: RHB Tyler Nevin 0-0: Ball
1-0: Called Strike
1-1: Foul Ball, location: 2F
1-2: Ball
2-2: Fly out, F5 (Popup, 56, EV 61.2 MPH)
Top of the 3rd over - 2 runs, 2 hits, 0 errors, 1 left on base; Albuquerque 2 - Salt Lake 0
BOTTOM OF THE 3RD
Salt Lake Bees batting - Pitching for Albuquerque Isotopes : RHP Chi Chi Gonzalez
Batting: RHB Jack Kruger 0-0: Called Strike
0-1: Ball
1-1: Foul Ball, location: 2F
1-2: Ball
2-2: Foul Ball, location: 2F
2-2: Strikes out swinging
Batting: RHB Torii Hunter Jr. 0-0: Called Strike
0-1: Ball
1-1: Ground out 5-3 (Groundball, 56, EV 84.4 MPH)
Batting: LHB Ryne Birk 0-0: Ball
1-0: SINGLE (Line Drive, 78S, EV 90.0 MPH)
Batting: LHB Kyle Schwarber 0-0: Called Strike
0-1: Fly out, F8 (Flyball, 8LD, EV 95.0 MPH)
Bottom of the 3rd over - 0 runs, 1 hit, 0 errors, 1 left on base; Albuquerque 2 - Salt Lake 0
TOP OF THE 4TH
Albuquerque Isotopes batting - Pitching for Salt Lake Bees : RHP Yadier Alvarez
Batting: SHB Michael Toglia 0-0: Foul Ball, location: 2F
0-1: Ball
1-1: Ball
2-1: Foul Ball, location: 2F
2-2: Foul Ball, location: 2F
2-2: Strikes out looking
Batting: RHB Willie MacIver 0-0: Ball
1-0: Swinging Strike
1-1: Foul Ball, location: 2F
1-2: Ball
2-2: Ball
3-2: Strikes out swinging
Batting: LHB Carlos Herrera 0-0: Ball
1-0: Ball
2-0: SINGLE (Groundball, 34D, EV 101.9 MPH)
Batting: RHB Ryan Vilade 0-0: Called Strike
Carlos Herrera is caught stealing 2nd base 2-4
Top of the 4th over - 0 runs, 1 hit, 0 errors, 0 left on base; Albuquerque 2 - Salt Lake 0
BOTTOM OF THE 4TH
Salt Lake Bees batting - Pitching for Albuquerque Isotopes : RHP Chi Chi Gonzalez
Batting: RHB Joey Curletta 0-0: Ball
1-0: Called Strike
1-1: Ball
2-1: Swinging Strike
2-2: Strikes out swinging
Batting: RHB Wil Myers 0-0: Ground out 6-3 (Groundball, 6MS, EV 75.6 MPH)
Batting: RHB Zane Gurwitz 0-0: Called Strike
0-1: SINGLE (Line Drive, 6M, EV 103.1 MPH)
Batting: RHB David MacKinnon 0-0: Ball
1-0: Ball
2-0: Foul Ball, location: 2F
2-1: SINGLE (Groundball, 56S, EV 70.6 MPH) (infield hit)
Zane Gurwitz to second
Batting: RHB Connor Justus 0-0: Called Strike
0-1: Foul Ball, location: 2F
0-2: Ball
1-2: Ball
2-2: Foul Ball, location: 2F
2-2: Ground out 5-3 (Groundball, 56S, EV 81.9 MPH)
Bottom of the 4th over - 0 runs, 2 hits, 0 errors, 2 left on base; Albuquerque 2 - Salt Lake 0
TOP OF THE 5TH
Albuquerque Isotopes batting - Pitching for Salt Lake Bees : RHP Yadier Alvarez
Batting: RHB Ryan Vilade 0-0: Ball
1-0: Called Strike
1-1: Ball
2-1: Swinging Strike
2-2: Strikes out swinging
Batting: RHB Christian Koss 0-0: Ball
1-0: Foul Ball, location: 2F
1-1: Ball
2-1: Swinging Strike
2-2: Ball
3-2: Base on Balls
Batting: LHB Billy McKinney 0-0: Ball
1-0: SINGLE (Groundball, 56S, EV 68.1 MPH) (infield hit)
Christian Koss to second
Batting: LHB Drew Mendoza 0-0: Called Strike
0-1: Ball
1-1: Foul Ball, location: 2F
1-2: Ball
2-2: Ball
3-2: Fly out, F3 (Line Drive, 3, EV 69.4 MPH)
Lined into DP, 3-6 (Line Drive, 3, EV 61.9 MPH)
Top of the 5th over - 0 runs, 1 hit, 0 errors, 1 left on base; Albuquerque 2 - Salt Lake 0
BOTTOM OF THE 5TH
Salt Lake Bees batting - Pitching for Albuquerque Isotopes : RHP Chi Chi Gonzalez
Batting: RHB Jack Kruger 0-0: Ball
1-0: Ball
2-0: Foul Ball, location: 2F
2-1: Foul Ball, location: 2F
2-2: Foul Ball, location: 2F
2-2: Ball
3-2: Foul Ball, location: 2F
3-2: Base on Balls
Batting: RHB Torii Hunter Jr. 0-0: Foul Ball, location: 2F
0-1: Foul Ball, location: 2F
0-2: Ball
Pickoff Throw by Catcher to First - Out!
1-2: Ground out 5-3 (Groundball, 56S, EV 83.1 MPH)
Batting: LHB Ryne Birk 0-0: Called Strike
0-1: Called Strike
0-2: Ground out U3 (Groundball, 34S, EV 85.0 MPH)
Bottom of the 5th over - 0 runs, 0 hits, 0 errors, 0 left on base; Albuquerque 2 - Salt Lake 0
TOP OF THE 6TH
Albuquerque Isotopes batting - Pitching for Salt Lake Bees : RHP Yadier Alvarez
Pitching: RHP Zach Linginfelter
Batting: LHB Garrett Mitchell 0-0: Foul Ball, location: 2F
0-1: Hit by Pitch
Batting: RHB Tyler Nevin 0-0: Fly out, F8 (Line Drive, 8RM, EV 93.8 MPH)
Batting: SHB Michael Toglia 0-0: Ball
1-0: Called Strike
1-1: Ball
2-1: Fielders Choice at 2nd, 1-6 (Groundball, P, EV 62.5 MPH)
Batting: RHB Willie MacIver 0-0: SINGLE (Line Drive, 8RM, EV 100.0 MPH)
Michael Toglia to second
Batting: LHB Carlos Herrera 0-0: Ball
1-0: Ball
2-0: DOUBLE (Flyball, 8LXD, EV 108.1 MPH)
Michael Toglia scores
Willie MacIver to third
Runner from 3rd tries for Home, SAFE, no throw by CF
Batting: RHB Ryan Vilade 0-0: Intentional Walk
Batting: RHB Christian Koss 0-0: Called Strike
0-1: Ball
1-1: DOUBLE (Line Drive, 9D, EV 91.2 MPH)
Carlos Herrera scores
Ryan Vilade to third
Batting: LHB Billy McKinney 0-0: SINGLE (Line Drive, 78S, EV 96.2 MPH)
Ryan Vilade scores
Christian Koss to third
Throwing error, E7
Christian Koss scores
Billy McKinney to second
Pitching: RHP Cooper Criswell
Batting: LHB Drew Mendoza 0-0: Ball
1-0: Ball
2-0: Foul Ball, location: 2F
2-1: Ball
3-1: Fly out, F8 (Flyball, 8LD, EV 101.9 MPH)
Top of the 6th over - 5 runs, 4 hits, 1 error, 1 left on base; Albuquerque 7 - Salt Lake 0
BOTTOM OF THE 6TH
Salt Lake Bees batting - Pitching for Albuquerque Isotopes : RHP Chi Chi Gonzalez
Batting: LHB Kyle Schwarber 0-0: Called Strike
0-1: Foul Ball, location: 2F
0-2: Ball
1-2: Fly out, F8 (Flyball, 8RD, EV 98.8 MPH)
Batting: RHB Joey Curletta 0-0: Ball
1-0: Ball
2-0: Called Strike
2-1: Ball
3-1: Foul Ball, location: 2F
3-2: Foul Ball, location: 2F
3-2: Fly out, F7 (Flyball, 7LS, EV 80.0 MPH)
Batting: RHB Wil Myers 0-0: Called Strike
0-1: Called Strike
0-2: Ball
1-2: Foul Ball, location: 2F
1-2: Fly out, F7 (Flyball, 7S, EV 83.8 MPH)
Bottom of the 6th over - 0 runs, 0 hits, 0 errors, 0 left on base; Albuquerque 7 - Salt Lake 0
TOP OF THE 7TH
Albuquerque Isotopes batting - Pitching for Salt Lake Bees : RHP Cooper Criswell
Batting: LHB Garrett Mitchell 0-0: Ground out 6-3 (Groundball, 6, EV 84.4 MPH)
Batting: RHB Tyler Nevin 0-0: Ball
1-0: Called Strike
1-1: Foul Ball, location: 2F
1-2: SOLO HOME RUN (Flyball, 7D, EV 105.6 MPH), Distance : 393 ft
Pinch Hitting: RHB Alan Trejo 0-0: Ball
1-0: Called Strike
1-1: Foul Ball, location: 2F
1-2: SINGLE (Groundball, 4MD, EV 97.5 MPH)
Batting: RHB Willie MacIver 0-0: Foul Ball, location: 2F
0-1: Ball
1-1: Fly out, F8 (Flyball, 8RS, EV 77.5 MPH)
Batting: LHB Carlos Herrera 0-0: Called Strike
0-1: Ball
1-1: Ball
2-1: Fielders Choice at 2nd, 6-4 (Groundball, 6, EV 105.0 MPH)
Top of the 7th over - 1 run, 2 hits, 0 errors, 1 left on base; Albuquerque 8 - Salt Lake 0
BOTTOM OF THE 7TH
Salt Lake Bees batting - Pitching for Albuquerque Isotopes : RHP Chi Chi Gonzalez
Now in LF: Sam Hilliard
Pinch Hitting: LHB Jose Rojas 0-0: Ball
1-0: Foul Ball, location: 2F
1-1: Called Strike
1-2: Ball
2-2: Strikes out looking
Batting: RHB David MacKinnon 0-0: Ball
1-0: DOUBLE (Flyball, 8RD, EV 91.2 MPH)
Batting: RHB Connor Justus 0-0: Foul Ball, location: 2F
0-1: Swinging Strike
0-2: Foul Ball, location: 2F
0-2: Foul Ball, location: 2F
0-2: Ball
1-2: Foul Ball, location: 2F
1-2: Fly out, F9 (Flyball, 9D, EV 88.8 MPH)
Runner from 2nd tags up, SAFE at 3rd, no throw by RF
Batting: RHB Jack Kruger 0-0: Ball
1-0: Called Strike
1-1: SINGLE (Line Drive, 9LS, EV 103.1 MPH)
David MacKinnon scores
Pitching: RHP Jorgan Cavanerio
Batting: RHB Torii Hunter Jr. 0-0: Ball
1-0: Called Strike
1-1: Ball
2-1: Swinging Strike
2-2: Strikes out swinging
Bottom of the 7th over - 1 run, 2 hits, 0 errors, 1 left on base; Albuquerque 8 - Salt Lake 1
TOP OF THE 8TH
Albuquerque Isotopes batting - Pitching for Salt Lake Bees : RHP Cooper Criswell
Now at 3B: Jose Rojas
Batting: RHB Ryan Vilade 0-0: Called Strike
0-1: Ball
1-1: Called Strike
1-2: DOUBLE (Line Drive, 8RD, EV 94.4 MPH)
Batting: RHB Christian Koss 0-0: Ball
1-0: Called Strike
1-1: Ball
2-1: Fly out, F9 (Flyball, 89D, EV 79.4 MPH)
Runner from 2nd tags up, SAFE at 3rd, no throw by RF
Batting: LHB Billy McKinney 0-0: Called Strike
0-1: Swinging Strike
0-2: Ball
1-2: SINGLE (Line Drive, 89M, EV 96.2 MPH)
Ryan Vilade scores
Pitching: RHP Andrew Wantz
Batting: LHB Drew Mendoza 0-0: Called Strike
0-1: Ball
1-1: Foul Ball, location: 2F
1-2: Foul Ball, location: 2F
1-2: Ball
2-2: 2-RUN HOME RUN (Flyball, 89XD, EV 101.9 MPH), Distance : 444 ft
Batting: LHB Garrett Mitchell 0-0: Called Strike
0-1: Called Strike
0-2: Ball
1-2: Ground out 6-3 (Groundball, P, EV 84.4 MPH)
Batting: RHB Tyler Nevin 0-0: Called Strike
0-1: Foul Ball, location: 2F
0-2: Fly out, F3 (Popup, 3SF, EV 73.1 MPH)
Top of the 8th over - 3 runs, 3 hits, 0 errors, 0 left on base; Albuquerque 11 - Salt Lake 1
BOTTOM OF THE 8TH
Salt Lake Bees batting - Pitching for Albuquerque Isotopes : RHP Jorgan Cavanerio
Batting: LHB Ryne Birk 0-0: Called Strike
0-1: Ball
1-1: Foul Ball, location: 2F
1-2: Ball
2-2: Ground out 6-3 (Groundball, 6, EV 78.1 MPH)
Batting: LHB Kyle Schwarber 0-0: Foul Ball, location: 2F
0-1: Foul Ball, location: 2F
0-2: Ball
1-2: Fly out, F9 (Flyball, 9D, EV 103.8 MPH)
Batting: RHB Joey Curletta 0-0: Ground out 3-1 (Groundball, 34, EV 90.0 MPH)
Bottom of the 8th over - 0 runs, 0 hits, 0 errors, 0 left on base; Albuquerque 11 - Salt Lake 1
TOP OF THE 9TH
Albuquerque Isotopes batting - Pitching for Salt Lake Bees : RHP Andrew Wantz
Batting: LHB Sam Hilliard 0-0: Ball
1-0: SINGLE (Groundball, 4MD, EV 93.8 MPH)
Pitching: RHP Alec Hansen
Batting: RHB Willie MacIver 0-0: Ball
1-0: Swinging Strike
1-1: Foul Ball, location: 2F
1-2: Strikes out looking
Batting: LHB Carlos Herrera 0-0: Fly out, F4 (Line Drive, 4, EV 66.9 MPH)
Batting: RHB Ryan Vilade 0-0: Fly out, F7 (Flyball, 78M, EV 86.9 MPH)
Top of the 9th over - 0 runs, 1 hit, 0 errors, 1 left on base; Albuquerque 11 - Salt Lake 1
BOTTOM OF THE 9TH
Salt Lake Bees batting - Pitching for Albuquerque Isotopes : RHP Jorgan Cavanerio
Batting: RHB Wil Myers 0-0: Ball
1-0: Ball
2-0: Foul Ball, location: 2F
2-1: Foul Ball, location: 2F
2-2: Ground out 5-3 (Groundball, 56, EV 85.0 MPH)
Batting: LHB Jose Rojas 0-0: Ball
1-0: Foul Ball, location: 2F
1-1: Ball
2-1: Foul Ball, location: 2F
2-2: Ball
3-2: Strikes out looking
Batting: RHB David MacKinnon 0-0: Ball
1-0: Called Strike
1-1: Ground out 6-3 (Groundball, 6, EV 102.5 MPH)
Bottom of the 9th over - 0 runs, 0 hits, 0 errors, 0 left on base; Albuquerque 11 - Salt Lake 1
Wednesday, December 23rd, 2020 - OOTP Baseball 21.6 Build 83